 Dungeon Crawl Stone Soup version 0.31-a0-441-g867994ef1c (webtiles) character file.

Game seed: 15318379130748946353

324 jasper the Shooter (level 6, -1/30 HPs)
             Began as a Spriggan Hunter on Aug 2, 2023.
             Was a Follower of Okawaru.
             Killed by divine providence
             ... invoked by an orc priest
              (11 damage)
             ... on level 5 of the Dungeon.
             The game lasted 00:05:01 (2538 turns).

jasper the Shooter (Spriggan Hunter)                Turns: 2538, Time: 00:05:02

Health: -1/30      AC:  2    Str:  7    XL:     6   Next: 23%
Magic:  10/10      EV: 18    Int: 11    God:    Okawaru [*.....]
Gold:   165        SH:  0    Dex: 20    Spells: 5/5 levels left

rFire   . . .        a - +0 shortbow
rCold   . . .        (shield currently unavailable)
rNeg    . . .        c - +0 robe
rPois   .            (helmet restricted)
rElec   .            (no cloak)
rCorr   .            (gloves unavailable)
SInv    +            (boots unavailable)
Will    ++...        (no amulet)
Stlth   ++           (no ring)
HPRegen 0.25/turn    (no ring)
MPRegen 0.12/turn

%: no passive effects
@: enlightened, flying, very quick
A: very small, no large weapons, unfitting armour, see invisible, speed 3
a: Renounce Religion, Heroism


You were on level 5 of the Dungeon.
You worshipped Okawaru.
Okawaru was aware of your devotion.
You visited 1 branch of the dungeon, and saw 5 of its levels.

You collected 165 gold pieces.

Inventory:

Hand Weapons
 a - a +0 shortbow (weapon)
Missiles
 s - 4 darts of dispersal
Armour
 c - a +0 robe (worn)
Jewellery
 j - a ring of resist corrosion
Talismans
 i - a blade talisman
Scrolls
 b - a scroll of butterflies
 h - a scroll of teleportation
 o - a scroll of vulnerability
Potions
 e - a potion of magic
 f - 2 potions of brilliance
 g - 3 potions of enlightenment
 l - a potion of heal wounds {unknown}
 n - a potion of lignification {unknown}
 p - a potion of curing {unknown}
 q - a potion of might {unknown}


   Skills:
 - Level 1.5 Fighting
 + Level 6.2 Ranged Weapons
 - Level 2.6 Dodging
 - Level 1.5 Stealth
 - Level 4.0 Invocations


You had 5 spell levels left.
You didn't know any spells.
Your spell library contained the following spells:

 Spells                   Type           Power      Damage    Failure   Level
 Poisonous Vapours        Pois/Air       0%         N/A       47%         2
 Mephitic Cloud           Conj/Pois/Air  0%         N/A       71%         3
 Freezing Cloud           Conj/Ice/Air   0%         6-21      100%        5


Dungeon Overview and Level Annotations

Branches:
Dungeon (5/15)             Temple (0/1) D:4

Altars:
Okawaru
Wu Jian
Zin
The Shining One

Annotations:
D:3 Pargi


Innate Abilities, Weirdness & Mutations

You are very small and have problems with some larger weapons.
You are too small for most types of armour.
You have supernaturally acute eyesight. (SInv)
You cover ground extremely quickly. (Speed+++)


Message History

The arrow hits the orc priest.
The orc priest is moderately wounded.
The orc priest closely misses you.
It was a potion of enlightenment.
You feel very buoyant.
You fly up into the air.
Fire: a) +0 shortbow
Press: ? - help, Q - select action, (/) - cycle Shift-Dir - straight line, f/p - orc priest
Aim: an orc priest, wielding a +0 hand axe and wearing a +0 scale mail (lightly wounded, 69% to hit)
You shoot an arrow. The arrow barely misses the orc priest.
Fire: a) +0 shortbow
Press: ? - help, Q - select action, (/) - cycle Shift-Dir - straight line, f/p - orc priest
Aim: an orc priest, wielding a +0 hand axe and wearing a +0 scale mail (lightly wounded, 69% to hit)
You shoot an arrow.
The arrow hits the orc priest but does no damage.
The orc priest is lightly wounded.
Fire: a) +0 shortbow
Press: ? - help, Q - select action, (/) - cycle Shift-Dir - straight line, f/p - orc priest
Aim: an orc priest, wielding a +0 hand axe and wearing a +0 scale mail (lightly wounded, 69% to hit)
You shoot an arrow. The arrow hits the orc priest.
The orc priest is heavily wounded.
The orc priest hits you with a +0 hand axe.
You take 4 damage, and have 12/30 hp.
Fire: a) +0 shortbow
Press: ? - help, Q - select action, (/) - cycle Shift-Dir - straight line, f/p - orc priest
Aim: an orc priest, wielding a +0 hand axe and wearing a +0 scale mail (heavily wounded, 69% to hit)
You shoot an arrow. The arrow barely misses the orc priest.
The arrow completely misses the orc priest.
The orc priest hits you with a +0 hand axe.
* * * LOW HITPOINT WARNING * * *
You take 3 damage, and have 9/30 hp.
Fire: a) +0 shortbow
Press: ? - help, Q - select action, (/) - cycle Shift-Dir - straight line, f/p - orc priest
Aim: an orc priest, wielding a +0 hand axe and wearing a +0 scale mail (heavily wounded, 69% to hit)
You shoot an arrow.
The arrow hits the orc priest but does no damage.
The orc priest is heavily wounded.
The orc priest calls down the wrath of Beogh upon you.
Beogh smites you!
You die...

##.###### #..g..!.#
#).......
#..##.#.... #.# #.
##.##..o.o #.# #
#..# ..?.. . #.# ###
#.## ...... #)# .$.
#.# #.... ##.#
######.##.######..#◎
#gS# #.#
#...##....##........
#o## #.# #.#@#
#(..#........ #.#
#.# #.#o#
##.o[).S..>.. #.###
#)#
#.#o####o.##.>......
....# #.#
#.#.S.#..###...)....
....# #.#
#.###.o.####........
....# #.# #.#
##....##).......
....####<## #.#
#..##....##.##..
..........# #.###.##
###..... #
....####..## #.##..#
####.#.


You could see 2 orc priests and an adder.

Vanquished Creatures
  A crimson imp (D:4)
  An orc priest (D:4)
  A gnoll bouda (D:4)
  A sleepcap (D:4)
  An iguana (D:4)
  An orc wizard (D:4)
  3 gnolls (D:5)
  4 adders
  3 dart slugs
  9 orcs
  6 bats
  An endoplasm (D:3)
  3 giant cockroaches
  2 goblins (D:1)
  4 hobgoblins
  7 jackals
  5 quokkas
  7 ball pythons
  A frilled lizard (D:2)
  2 goblin skeletons (D:4)
  A hobgoblin zombie (D:4)
  5 kobolds
  3 kobold skeletons (D:4)
  3 kobold zombies (D:4)
  An orc skeleton (D:4)
  2 orc zombies (D:4)
  3 rats
81 creatures vanquished.

Notes
Turn   | Place    | Note
-------+----------+-------------------------------------------
     0 | D:1      | jasper the Spriggan Hunter began the quest for the Orb.
     0 | D:1      | Reached XP level 1. HP: 10/10 MP: 2/2
   105 | D:1      | Found a faded altar of an unknown god.
   130 | D:1      | Reached XP level 2. HP: 12/14 MP: 3/3
   134 | D:1      | Prayed at the altar of an unknown god.
   134 | D:1      | Became a worshipper of Warmaster Okawaru
   134 | D:1      | Reached * piety under Okawaru
   372 | D:1      | Reached skill level 1 in Invocations
   590 | D:1      | Reached XP level 3. HP: 17/18 MP: 5/5
   888 | D:2      | Reached XP level 4. HP: 22/22 MP: 7/7
  1114 | D:3      | Noticed Pargi
  1178 | D:4      | Found a glowing golden altar of the Shining One.
  1471 | D:4      | Found a glowing silver altar of Zin.
  1471 | D:4      | Found an ornate altar of the Wu Jian Council.
  1731 | D:4      | Found a staircase to the Ecumenical Temple.
  1892 | D:4      | Reached skill level 5 in Ranged Weapons
  1892 | D:4      | Reached XP level 5. HP: 25/25 MP: 9/9
  2252 | D:5      | Entered Level 5 of the Dungeon
  2291 | D:5      | Noticed a water moccasin
  2334 | D:4      | Reached skill level 6 in Ranged Weapons
  2334 | D:4      | Reached XP level 6. HP: 18/30 MP: 10/10
  2538 | D:5      | Killed from afar by an orc priest

Illustrated notes

Levels and vault maps discovered:
D:1:      mrwooster_arrival_statue_3, layout_loops_ring,
          dreamdust_ecumenical_altar_statues
D:2:      layout_rooms
D:3:      layout_basic, nicolae_hepliaklqana_hippocampus,
          minmay_misc_feat_cross, uniq_pargi
D:4:      wander_river, layout_loops_corners, nicolae_tso_besieged_by_evil,
          amethyst_overflow_temple_binary, minmay_temple_entry_trees,
          grunt_ministairs_2, dreamdust_princess_corridor
D:5:      layout_rooms, grunt_qazlal_clouds

Skill      XL: |  1  2  3  4  5 |
---------------+----------------+-----
Invocations    | 1 2 4 |  4.0
Ranged Weapons | 5 6 |  6.2
Fighting       | |  1.5
Dodging        | |  2.6
Stealth        | |  1.5

Action                     |  1- 3 |  4- 6 || total
---------------------------+-------+-------++-------
   Fire: Shortbow          |   105 |   175 ||   280
    Use: Scroll            |       |     8 ||     8
         Potion            |       |     2 ||     2
 Armour: Robe              |     5 |     7 ||    12
  Dodge: Dodged            |    33 |    59 ||    92

Table legend: (Time is in decaauts)
 A = Elapsed time spent in this place.
 B = Non-inter-level travel time spent in this place.
 C = Inter-level travel time spent in this place.
 D = Time resting spent in this place.
 E = Time spent auto-exploring this place.
 F = Levels seen in this place.
 G = Mean time per level.
                   A        B        C        D        E       F      G
               +--------+--------+--------+--------+--------+-----+--------+
         Total |   1801 |   1710 |     91 |     37 |   1169 |   5 |  360.2 |
       Dungeon |   1801 |   1710 |     91 |     37 |   1169 |   5 |  360.2 |
               +--------+--------+--------+--------+--------+-----+--------+

Top non-repeatable levels by time:
     D:4: 884 daAuts
     D:1: 471 daAuts
     D:2: 285 daAuts
     D:5: 111 daAuts
     D:3: 48 daAuts
